 Dungeon Crawl Stone Soup version 0.17-a0-2064-g265a032 (webtiles) character file.

68281 brucemayne the Severer (level 15, -9/75 HPs)
             Began as a Vine Stalker Berserker on Oct 12, 2015.
             Was a High Priest of Trog.
             Mangled by an eight-headed hydra simulacrum (11 damage)
             ... on level 4 of the Swamp.
             The game lasted 01:03:05 (9210 turns).

brucemayne the Severer (Vine Stalker Berserker)     Turns: 9210, Time: 01:03:06

Health: -9/75      AC: 21    Str: 21    XL:     15   Next: 26%
Magic:  0/25       EV:  7    Int:  6    God:    Trog [*****.]
Gold:   1318       SH:  0    Dex: 20    Spells: 0 memorised, 14 levels left

rFire  . . .     SeeInvis .     q - +3 battleaxe (flame)
rCold  + . .     Clarity  .     S - +2 plate armour {rC+}
rNeg   + . .     SustAt   .     (no shield)
rPois  +         Gourm    .     H - +2 helmet
rElec  .         Spirit   +     V - +1 ratskin cloak {rPois rN+ Int-1 Dex-1}
rCorr  .         Warding  .     M - +0 pair of gloves
rMut   .         Stasis   .     (no boots)
MR     +....                    f - amulet of faith
Stlth  ..........               d - ring of magical power
                                K - +2 ring of dexterity

@: somewhat resistant to hostile enchantments, extremely unstealthy
A: fangs 3, regeneration 3, magic shield, antimagic bite, no device heal 3, rot
immunity
a: Burn Spellbooks, Berserk, Trog's Hand, Brothers in Arms, Renounce Religion


You were on level 4 of the Swamp.
You worshipped Trog.
Trog was extremely pleased with you.
You were not hungry.

You visited 4 branches of the dungeon, and saw 29 of its levels.
You also visited: Labyrinth and Ice Cave.

You collected 2389 gold pieces.
You spent 1071 gold pieces at shops.

Inventory:

Hand Weapons
 q - a +3 battleaxe of flaming (weapon)
 u - the +4 battleaxe "Jetsumit" {chop, rC+ Int+4 Dex-3}
   (You found it in an ice cave)

   It inflicts extra damage upon your enemies.
   It affects your intelligence (+4).
   It affects your dexterity (-3).
   It protects you from cold.
Missiles
 h - 15 javelins of penetration (quivered)
 P - 12 poisoned tomahawks
 Y - a throwing net
Armour
 H - a +2 helmet (worn)
 M - a +0 pair of gloves (worn)
 S - a +2 plate armour of cold resistance (worn)
 V - the +1 ratskin cloak (worn) {rPois rN+ Int-1 Dex-1}
   (You bought it in a shop on level 11 of the Dungeon)

   It affects your intelligence (-1).
   It affects your dexterity (-1).
   It protects you from poison.
   It protects you from negative energy.
Rods
 i - a +4 rod of destruction (13/13)
   (You took it off a minotaur in a labyrinth)
 W - a +3 rod of ignition (11/11)
   (You found it in a labyrinth)
Jewellery
 b - an uncursed amulet of regeneration
 d - a ring of magical power (right hand)
 f - an amulet of faith (around neck)
 l - an uncursed ring of fire
 r - an uncursed ring of poison resistance
 A - an uncursed ring of ice
 K - a +2 ring of dexterity (left hand)
 Q - an uncursed amulet of stasis
Wands
 e - a wand of fireball (5)
 p - a wand of fireball (8)
 w - a wand of lightning (7)
 L - a wand of paralysis (21)
Scrolls
 g - a scroll of blinking
 k - a scroll of identify
 n - a scroll of remove curse
 y - a scroll of magic mapping
 F - a scroll of teleportation
 I - 2 scrolls of enchant weapon
 O - a scroll of fog
 R - 2 scrolls of enchant armour
Potions
 a - a potion of brilliance {unknown}
 j - 4 potions of flight {unknown}
 m - a potion of heal wounds {unknown}
 s - 7 potions of haste
 t - a potion of berserk rage {unknown}
 v - 5 potions of curing {unknown}
 x - 2 potions of ambrosia {unknown}
 z - 3 potions of mutation {unknown}
 B - 2 potions of lignification {unknown}
 C - 3 potions of might {unknown}
 E - 2 potions of resistance {unknown}
 J - 2 potions of agility
Books
 o - a book of Summonings

   Spells                             Type                      Level
   a - Recall                         Summoning/Translocation      3
   b - Aura of Abjuration             Summoning                    5
   c - Shadow Creatures               Summoning                    5
   d - Summon Demon                   Summoning                    5
   e - Summon Forest                  Summoning/Translocation      5
   f - Summon Mana Viper              Hexes/Summoning              5
   Trog disapproves of the use of such an item.
Comestibles
 c - 7 bread rations
 D - 5 meat rations
 Z - 7 fruits


   Skills:
 + Level 7.4 Fighting
 - Level 20.8 Axes
 + Level 5.4 Armour
 - Level 1.5 Dodging


You had 14 spell levels left.
You didn't know any spells.

Dungeon Overview and Level Annotations

Branches:
Dungeon (13/15)              Lair (8/8) D:10          Swamp (4/4) Lair:5
  Slime (0/6) Lair:8          Orc (4/4) D:11            Elf (0/3) Orc:3
 Temple: D:4-7        Snake: Lair:3-6    Spider: Lair:3-6    Vaults: D:13-14

Altars:
Ashenzari
Dithmenos
Makhleb
Beogh
Jiyva

Shops:
D:8 *   D:11 (:[%   Orc:4 [?[:


Innate Abilities, Weirdness & Mutations

You have razor-sharp teeth.
You regenerate.
When hurt, damage is shared between your health and your magic reserves.
Your bite disrupts and absorbs the magic of your enemies.
Potions and wands cannot restore your health.
You are immune to rotting.


Message History

Your deep troll closely misses the ice dragon.
Your deep troll completely misses the ice dragon.
The eight-headed hydra simulacrum bites you but does no damage. x2
The eight-headed hydra simulacrum bites you.
The eight-headed hydra simulacrum freezes you!
You resist.
The eight-headed hydra simulacrum bites you!
The eight-headed hydra simulacrum freezes you!
You resist.
The eight-headed hydra simulacrum bites you!
* * * LOW HITPOINT WARNING * * *
The eight-headed hydra simulacrum freezes you!
You resist.
* * * LOW HITPOINT WARNING * * *
The eight-headed hydra simulacrum bites you but does no damage. x2
The eight-headed hydra simulacrum bites you!
* * * LOW HITPOINT WARNING * * *
The eight-headed hydra simulacrum freezes you!
You resist.
You die...

#..###
##..##
#♣..# #..#
#..# ##.[#
##..##
#.§## #T@#
#≈≈≈ZD.Z#
≈§≈Z.≈≈.≈
§§§..≈≈.≈≈
§.§§≈≈≈≈.≈#
Z§§§≈§≈≈.≈#
≈w§≈§§≈.≈≈#
###§§§§§≈##


You could see an ice dragon, a swamp worm, 2 eight-headed hydra simulacra, a
seven-headed hydra simulacrum, a four-headed hydra simulacrum and a friendly
deep troll (berserk).

Vanquished Creatures
  A frost giant (IceCv)
  Maud (Orc:3)
  A very ugly thing (Swamp:3)
  The ghost of brucemayne the Severer, a journeyman VSBe of Trog (Swamp:4)
  Snorg (Orc:4)
  A minotaur (Lab)
  An ice dragon (Swamp:4)
  A hydra (Lair:5)
  2 death yaks (IceCv)
  An alligator (Swamp:1)
  2 centaur warriors (D:13)
  An orc high priest (Orc:4)
  Urug (D:11)
  Nergalle (Orc:2)
  A fire crab (Lair:8)
  2 orc knights (Orc:4)
  An ice statue (IceCv)
  An unseen horror (D:13)
  2 hill giants (D:11)
  A shambling mangrove (Swamp:3)
  2 hornets (Lair:8)
  2 griffons
  A wolf spider (Lair:8)
  An ugly thing (D:13)
  A cyclops (D:13)
  6 elephants (Lair:6)
  8 black mambas
  17 spiny frogs
  A guardian serpent (Lair:8)
  2 centaur skeletons
  4 komodo dragons
  4 freezing wraiths (Swamp:4)
  6 trolls
  2 fire drakes
  6 giant leeches
  16 blink frogs
  3 slime creatures (Swamp:1)
  13 polar bears (IceCv)
  4 bog bodies
  2 shadows
  32 yaks
  A wraith (D:12)
  A wyvern (Lair:8)
  A human (D:7)
  2 hippogriffs
  2 hungry ghosts (D:11)
  A steam dragon (D:9)
  2 vampire mosquitoes (Swamp:4)
  5 basilisks
  2 swamp worm simulacra (Swamp:4)
  A hog (D:7)
  6 swamp worms
  28 wolves
  A soldier ant (D:11)
  3 wargs (Orc:3)
  15 water moccasins
  7 porcupines
  10 ice beasts
  2 sky beasts
  A swamp drake (Swamp:3)
  10 spiders
  2 eyes of draining (D:11)
  5 hydra simulacra (Swamp:4)
  3 ogres
  5 wasps
  11 orc warriors
  A black bear (D:8)
  10 crocodiles
  10 centaurs
  A big kobold (D:10)
  A brain worm (D:11)
  7 giant frogs
  2 gnoll sergeants
  A scorpion (D:10)
  11 killer bees
  A wight (D:6)
  3 giant frog zombies
  2 crimson imps
  4 worker ants
  2 gnoll shamans
  3 iguanas
  26 orc priests
  2 hounds (D:8)
  A giant frog skeleton (D:10)
  30 orc wizards
  8 sheep
  2 hound zombies
  A hound skeleton (D:4)
  9 adders
  18 river rats
  15 gnolls
  An ooze (D:2)
  3 swamp drake simulacra (Swamp:4)
  3 worms
  A giant gecko (D:8)
  110 orcs
  2 ball pythons
  4 goblins
  4 hobgoblins
  A quokka (D:7)
  A bat (D:3)
  2 giant cockroaches
  7 kobolds
  4 rats (D:3)
  4 fungi
  8 plants
610 creatures vanquished.

Vanquished Creatures (collateral kills)
  2 hydras
  3 orc high priests (Orc:4)
  An orc sorcerer (Orc:4)
  A black mamba (Lair:8)
  A giant leech (Swamp:1)
  A blink frog (Lair:8)
  3 slime creatures (Swamp:1)
  A basilisk (Lair:8)
  2 yaks (Lair:8)
  A water moccasin (Lair:8)
  4 hydra simulacra (Swamp:4)
  4 orc warriors (Orc:4)
  A wasp (Lair:8)
  7 orc priests (Orc:4)
  2 orc wizards (Orc:4)
  2 worker ants (Lair:8)
  2 adders (Lair:8)
  3 orcs (Orc:4)
41 creatures vanquished.

Vanquished Creatures (others)
  A yak (IceCv)
  3 wolves (IceCv)
  10 fungi
  20 plants
  7 toadstools (Swamp:1)
41 creatures vanquished.

Grand Total: 692 creatures vanquished

Notes
Turn   | Place    | Note
--------------------------------------------------------------
     0 | D:1      | brucemayne the Vine Stalker Berserker began the quest for the Orb.
     0 | D:1      | Reached XP level 1. HP: 11/11 MP: 2/2
    96 | D:2      | Reached skill level 3 in Axes
   123 | D:2      | Reached XP level 2. HP: 11/16 MP: 3/3
   175 | D:2      | Reached XP level 3. HP: 19/19 MP: 4/4
   271 | D:3      | Noticed an ice beast
   283 | D:3      | Killed an ice beast
   283 | D:3      | Reached skill level 5 in Axes
   283 | D:3      | Reached XP level 4. HP: 23/23 MP: 5/5
   283 | D:3      | Reached XP level 5. HP: 27/27 MP: 6/6
   314 | D:3      | Found a shattered altar of Ashenzari.
   321 | D:3      | Reached ** piety under Trog
   539 | D:4      | Gained mutation: You heal very quickly. [Vine Stalker growth]
   539 | D:4      | Reached XP level 6. HP: 32/32 MP: 7/7
   601 | D:5      | Entered Level 5 of the Dungeon
   665 | D:6      | Reached skill level 6 in Axes
   713 | D:6      | Reached XP level 7. HP: 33/35 MP: 8/8
   929 | D:7      | Noticed a hog
   929 | D:7      | Noticed a human
   937 | D:7      | Killed a hog
   946 | D:7      | Killed a human
   946 | D:7      | Reached skill level 7 in Axes
   946 | D:7      | Gained mutation: You have razor-sharp teeth. [Vine Stalker growth]
   946 | D:7      | Reached XP level 8. HP: 39/39 MP: 9/9
  1009 | D:7      | Reached *** piety under Trog
  1039 | D:7      | Found a shadowy altar of Dithmenos.
  1076 | D:7      | Reached skill level 5 in Armour
  1163 | D:8      | Reached skill level 8 in Axes
  1263 | D:9      | Reached skill level 9 in Axes
  1263 | D:9      | Reached XP level 9. HP: 43/43 MP: 10/10
  1478 | D:9      | Reached skill level 10 in Axes
  1529 | D:8      | Found Vaolix's Demolitions Depot.
  1535 | D:8      | Received a gift from Trog
  1684 | D:10     | Entered Level 10 of the Dungeon
  1838 | D:11     | Found Etro Pyu's Antique Weapon Shop.
  1838 | D:11     | Noticed Urug
  1888 | D:11     | Killed Urug
  1888 | D:11     | Reached skill level 11 in Axes
  1888 | D:11     | Reached XP level 10. HP: 15/47 MP: 11/11
  1986 | D:12     | Reached **** piety under Trog
  2053 | D:13     | Noticed a cyclops
  2066 | D:13     | Killed a cyclops
  2066 | D:13     | Reached skill level 12 in Axes
  2113 | D:13     | Killed an unseen horror
  2128 | D:13     | Noticed a centaur warrior
  2139 | D:13     | Killed a centaur warrior
  2161 | D:13     | Noticed a centaur warrior
  2180 | D:13     | Killed a centaur warrior
  2180 | D:13     | Reached skill level 5 in Fighting
  2226 | D:13     | Noticed a green ugly thing
  2248 | D:13     | Killed a green ugly thing
  2248 | D:13     | Reached skill level 13 in Axes
  2248 | D:13     | Reached XP level 11. HP: 38/56 MP: 12/12
  2362 | D:10     | Noticed a centaur skeleton
  2372 | D:10     | Killed a centaur skeleton
  2414 | D:11     | Found Edemy's Magic Scroll Shop.
  2715 | D:11     | Found Kopseti's Food Boutique.
  2863 | D:11     | Found Zogagyh's Book Shoppe.
  2875 | D:11     | Noticed a hill giant
  2896 | D:11     | Killed a hill giant
  2938 | D:11     | Noticed a hill giant
  2951 | D:11     | Killed a hill giant
  2975 | D:11     | Reached skill level 14 in Axes
  3063 | D:11     | Found a staircase to the Orcish Mines.
  3069 | D:11     | Found Osofimp's Armour Boutique.
  3102 | Orc:1    | Entered Level 1 of the Orcish Mines
  3149 | Orc:1    | Reached ***** piety under Trog
  3436 | Orc:4    | Entered Level 4 of the Orcish Mines
  3453 | Orc:4    | Noticed an orc knight
  3567 | Orc:2    | Noticed Nergalle
  3585 | Orc:1    | Found a burning altar of Makhleb.
  3597 | Orc:1    | Received a gift from Trog
  3670 | Orc:2    | Killed Nergalle
  3870 | Orc:3    | Found a runed door.
  3912 | Orc:3    | Received a gift from Trog
  3926 | Orc:3    | Reached ****** piety under Trog
  3945 | Orc:3    | Found a roughly hewn altar of Beogh.
  4017 | Orc:3    | Gained mutation: You regenerate. [Vine Stalker growth]
  4017 | Orc:3    | Reached XP level 12. HP: 57/62 MP: 13/13
  4083 | Orc:3    | Noticed Maud
  4099 | Orc:3    | Killed Maud
  4099 | Orc:3    | Reached skill level 15 in Axes
  4176 | Orc:3    | Found a staircase to the Elven Halls.
  4298 | Orc:4    | Noticed Snorg
  4308 | Orc:4    | Killed Snorg
  4308 | Orc:4    | Received a gift from Trog
  4309 | Orc:4    | Got a crude rapier {god gift}
  4439 | Orc:4    | Killed an orc knight
  4562 | Orc:4    | Noticed an orc high priest
  4621 | Orc:4    | Noticed an orc high priest
  4633 | Orc:4    | Killed an orc high priest
  4660 | Orc:4    | Killed an orc high priest
  4692 | Orc:4    | Noticed an orc high priest
  4718 | Orc:4    | Killed an orc high priest
  4718 | Orc:4    | Reached skill level 16 in Axes
  4736 | Orc:4    | Found Icaledausch's Armour Boutique.
  4736 | Orc:4    | Found Toesikk's Antique Armour Shop.
  4737 | Orc:4    | Found Goacoos's Magic Scroll Shop.
  4742 | Orc:4    | Found Ampub's Book Boutique.
  4750 | Orc:4    | Received a gift from Trog
  4754 | Orc:4    | Noticed an orc high priest
  4761 | Orc:4    | Killed an orc high priest
  4794 | Orc:4    | Bought a glowing plate armour for 782 gold pieces
  5038 | D:11     | Bought the +1 ratskin cloak {rPois rN+ Int-1 Dex-1} for 289 gold pieces
  5160 | D:10     | Found a staircase to the Lair.
  5161 | D:10     | Noticed a fire drake
  5171 | D:10     | Killed a fire drake
  5194 | Lair:1   | Entered Level 1 of the Lair of Beasts
  5233 | Lair:1   | You fall through a shaft!
  5281 | Lair:2   | Found a frozen archway.
  5318 | IceCv    | Entered an ice cave
  5441 | IceCv    | Reached XP level 13. HP: 55/66 MP: 14/14
  5499 | IceCv    | Reached skill level 17 in Axes
  5511 | IceCv    | Received a gift from Trog
  5666 | IceCv    | Noticed a death yak
  5689 | IceCv    | Killed a death yak
  5770 | IceCv    | Noticed a frost giant
  5770 | IceCv    | Noticed a death yak
  5807 | IceCv    | Killed a death yak
  5816 | IceCv    | Killed a frost giant
  5851 | IceCv    | Got a transparent battleaxe
  5872 | IceCv    | Identified the +4 battleaxe "Jetsumit" {chop, rC+ Int+4 Dex-3} (You found it in an ice cave)
  5896 | Lair:2   | Reached skill level 18 in Axes
  6595 | Lair:5   | Received a gift from Trog
  6719 | Lair:6   | Reached XP level 14. HP: 28/70 MP: 15/15
  6789 | Lair:6   | Reached skill level 19 in Axes
  6917 | Lair:8   | Entered Level 8 of the Lair of Beasts
  7160 | Lair:8   | Found a labyrinth entrance.
  7184 | Lab      | Entered a labyrinth
  7479 | Lab      | Identified a +4 rod of destruction (13/13) (You took it off a minotaur in a labyrinth)
  7480 | Lab      | Identified a +3 rod of ignition (11/11) (You found it in a labyrinth)
  7585 | Lair:8   | Found a staircase to the Slime Pits.
  7586 | Lair:8   | Found a viscous altar of Jiyva.
  7725 | Lair:8   | Received a gift from Trog
  7729 | Lair:8   | Got a transparent battleaxe {god gift}
  7818 | Lair:8   | Reached skill level 20 in Axes
  7841 | Lair:8   | Identified the +2 battleaxe of Shrieking Terror {chop, *Drain rN+ MR+ Str+3} (Trog gifted it to you on level 8 of the Lair of Beasts)
  8217 | Lair:5   | Received a gift from Trog
  8415 | Lair:5   | Found a staircase to the Swamp.
  8494 | Swamp:1  | Entered Level 1 of the Swamp
  8691 | Swamp:1  | Reached XP level 15. HP: 42/74 MP: 16/16
  8868 | Swamp:4  | Entered Level 4 of the Swamp
  8878 | Swamp:4  | Noticed brucemayne's ghost (journeyman VSBe)
  8887 | Swamp:4  | Killed brucemayne's ghost
  9072 | Swamp:4  | Received a gift from Trog
  9210 | Swamp:4  | HP: 2/75 [eight-headed hydra simulacrum (7)]
  9210 | Swamp:4  | Mangled by an eight-headed hydra simulacrum

Vault maps used:
D:1:      dpeg_arrival_water_fire
D:2:      ecumenical_altar_1, minmay_misc_feat_more_columns, st_stairs_13
D:3:      portal_sewer_entry_d, evilmike_ruin_ashenzari
D:4:      lemuel_round_altar
D:5:      minmay_temple_entry_butterflies,
          nicolae_ossuary_entry_false_entrances, first_bread,
          kennysheep_small_square
D:6:      serial_shops, nicolae_shop_trees
D:7:      black_bear_nest_1, grunt_livestock, grunt_dithmenos_smoke
D:8:      nicolae_blasting_shop
D:10:     minmay_lair_entry_lava
D:11:     orc_0_dummy, serial_shops, shop_scrolls, shop, nicolae_shop_trees,
          nicolae_shop_statue_plus, shop, uniq_urug
D:12:     kennysheep_small_circle
D:13:     minmay_tri_box, minivault_16, grunt_ministairs_1
Lair:2:   portal_ice_cave_entry_ice_beasts
Lair:3:   grunt_megastairs_3
Lair:4:   infiniplex_staircase_pool, lemuel_fruit_fields, lemuel_fruit_tree
Lair:5:   minmay_swamp_entry_worms, grunt_megastairs_1
Lair:6:   nicolae_spider_entry_tight_spaces, nicolae_lair_grove_arrangements,
          st_stairs_9
Lair:7:   zaba_antful_of_joy
Lair:8:   hangedman_lair_tendril_chambers, slime_altar_1, lab_entry_generic,
          st_stairs_13, kennysheep_basilisk_garden
Swamp:1:  cheibrodos_swamp_tower_of_moss, nicolae_swamp_trees_clearing,
          uniq_josephine
Swamp:2:  evilmike_swamp_ruin_house_4, swamp_pool3
Swamp:3:  evilmike_swamp_ruin_rubble_2
Swamp:4:  swamp_icy, swamp_pool4, nicolae_swamp_round_clearing, uniq_roxanne
Orc:1:    basic_altar
Orc:2:    nicolae_orc_stony_grotto, uniq_nergalle, uniq_fannar
Orc:3:    nicolae_orc_pool_cavern, lightli_church_of_beogh, uniq_snorg,
          uniq_maud
Orc:4:    st_orc_mages
Lab:      labyrinth_watery, nicolae_lab_stuck
IceCv:    ice_cave_caverns_02

Action                   |  1- 3 |  4- 6 |  7- 9 | 10-12 | 13-15 || total
-------------------------+-------+-------+-------+-------+-------++-------
Melee: Hand axe          |    45 |    70 |    36 |       |       ||   151
       War axe           |       |       |   206 |   641 |       ||   847
       Battleaxe         |       |       |       |     8 |   844 ||   852
Throw: Javelin           |       |       |     2 |     2 |       ||     4
Invok: Berserk           |     3 |     3 |     5 |     8 |     5 ||    24
       Trog's Hand       |       |       |     2 |     5 |     5 ||    12
       Brothers in Arms  |       |       |       |     3 |     4 ||     7
Evoke: Wand              |       |       |       |       |     2 ||     2
  Use: Scroll            |       |       |    10 |     4 |    13 ||    27
 Stab: Distracted        |       |       |       |       |     1 ||     1
  Eat: Chunk             |       |     6 |     4 |    21 |     9 ||    40
       Beef jerky        |       |       |     2 |     1 |     5 ||     8
       Pizza             |       |       |     1 |     3 |     1 ||     5
       Fruit             |       |       |       |       |     1 ||     1
